 Dungeon Sprint DCSS version 0.31-a0-851-g7ff8af7976 (webtiles) character file.

Game seed: 14193714725754346734

458 rocky1 the Blocker (level 7, -2/63 HPs)
             Began as a Gnoll Fighter on Oct 6, 2023.
             Was a High Priest of Cheibriados.
             Killed by divine providence
             ... invoked by an orc priest
              (8 damage)
             ... in the Dungeon (Sprint VII: "The Pits").
             The game lasted 00:01:34 (591 turns).

rocky1 the Blocker (Gnoll Fighter)                   Turns: 591, Time: 00:01:35

Health: -2/63      AC:  9    Str: 29    XL:     7   Next: 6%
Magic:  14/14      EV: 15    Int: 22    God:    Cheibriados [*****.]
Gold:   0          SH:  8    Dex: 27    Spells: 16/16 levels left

rFire   . . .        p - +2 long sword (holy)
rCold   . . .        c - +0 buckler
rNeg    . . .        o - +3 ring mail
rPois   .            (no helmet)
rElec   .            (no cloak)
rCorr   .            (no gloves)
SInv    .            (no boots)
Will    .....        (no amulet)
Stlth   +++          (no ring)
HPRegen 0.30/turn    (no ring)
MPRegen 0.14/turn

%: no teleportation
@: very slow
A: fangs 1, strong nose, distributed training
a: Renounce Religion, Bend Time, Temporal Distortion, Slouch, Step From Time


You were in the Dungeon.
You worshipped Cheibriados.
Cheibriados was extremely pleased with you.
You visited 1 branch

Inventory:

Hand Weapons
 p - a +2 long sword of holy wrath (weapon)
Armour
 c - a +0 buckler (worn)
 o - a +3 ring mail (worn)
Scrolls
 j - a scroll of blinking
 l - 2 scrolls of vulnerability
 m - 5 scrolls of amnesia
 n - a scroll of butterflies
Potions
 d - a potion of might
 e - 6 potions of curing
 f - 5 potions of heal wounds
 h - 4 potions of magic
 i - 2 potions of berserk rage
 k - 2 potions of invisibility


   Skills:
 + Level 8.5 Fighting
 + Level 5.2 Short Blades
 + Level 7.0 Long Blades
 + Level 5.2 Axes
 + Level 5.2 Maces & Flails
 + Level 5.2 Polearms
 + Level 5.2 Staves
 + Level 5.2 Ranged Weapons
 + Level 5.2 Throwing
 + Level 8.5 Armour
 + Level 5.2 Dodging
 + Level 5.2 Stealth
 + Level 8.5 Shields
 + Level 5.2 Unarmed Combat
 + Level 5.2 Spellcasting
 + Level 4.3 Conjurations
 + Level 4.3 Hexes
 + Level 4.3 Summonings
 + Level 4.3 Necromancy
 + Level 4.3 Translocations
 + Level 4.3 Transmutations
 + Level 4.3 Fire Magic
 + Level 4.3 Ice Magic
 + Level 4.3 Air Magic
 + Level 4.3 Earth Magic
 + Level 4.3 Poison Magic
 + Level 5.7 Invocations
 + Level 5.2 Evocations
 + Level 4.7 Shapeshifting


You had 16 spell levels left.
You didn't know any spells.
Your spell library was empty.

Dungeon Overview and Level Annotations

Branches:
Dungeon (1/1)

Altars:
Ashenzari
Cheibriados
Dithmenos
Elyvilon
Fedhas
Gozag
Hepliaklqana
Kikubaaqudgha
Makhleb
Nemelex Xobeh
Okawaru
Qazlal
Ru
Sif Muna
Trog
Uskayaw
Vehumet
Wu Jian
Xom
Yredelemnul
Zin
The Shining One
Jiyva
Lugonu


Innate Abilities, Weirdness & Mutations

You have very sharp teeth.
Your uncanny sense of smell can sniff out nearby items.
Your experience applies equally to all skills.


Message History

The orc closely misses you. x2
You hit the orc.
The orc is severely wounded.
The orc barely misses you. You block the orc's attack.
You slash the orc!
You kill the orc!
Cheibriados appreciates the change of pace.
You block the orc's attack.
The orc priest invokes the aid of Beogh against you.
Beogh smites you!
You slash the orc!
You kill the orc!
Cheibriados appreciates the change of pace.
Cheibriados raises the support of your attributes as your movement slows.
The orc closely misses you.
You hit the orc priest.
The orc priest is moderately wounded.
The orc priest hits you but does no damage.
The orc barely misses you.
You slash the orc priest!
The orc priest is almost dead.
The orc priest completely misses you.
The orc hits you from afar with a +0 trident.
You closely miss the orc priest.
The orc priest is almost dead.
The orc priest mumbles some strange prayers to Beogh against you.
Beogh smites you!
* * * LOW HITPOINT WARNING * * *
The orc closely misses you.
You closely miss the orc priest. Your bite misses the orc priest.
The orc priest is almost dead.
The orc priest hits you with a +0 morningstar.
* * * LOW HITPOINT WARNING * * *
The orc hits you but does no damage.
You barely miss the orc priest.
The orc priest is almost dead.
The orc hits you but does no damage.
The orc priest invokes the aid of Beogh against you.
Beogh smites you!
You die...

#'#####'#####.....
#.#..#..#[.##.....
#.#..)..#))#####'#
#.#..####))##.....
#.#..#..#)!##.....
#.#..#..#..##.....
#.##)#..#'###...<.
#.#..).....##.....
#@#........##.....
#o###########.....
#oo....o# ######
#oo###..# #... ∆∆
##.## ∆ .. ∆ .# ..


You could see 2 orc priests and 3 orcs.

Vanquished Creatures
  A fire bat (D)
  A phantom (D)
  A scorpion (D)
  A necrophage (D)
  5 orc wizards (D)
  3 gnolls (D)
  2 orcs (D)
  A ball python (D)
  3 bats (D)
  A kobold (D)
19 creatures vanquished.

Notes
Turn   | Place    | Note
-------+----------+-------------------------------------------
     0 | D        | rocky1 the Gnoll Fighter began the quest for the Orb.
     0 | D        | Reached XP level 1. HP: 23/23 MP: 1/1
    60 | D        | Found a bloodstained altar of Trog.
    60 | D        | Found a shimmering blue altar of Sif Muna.
    60 | D        | Found a viscous altar of Jiyva.
    60 | D        | Found a hazy altar of Hepliaklqana.
    60 | D        | Found an opulent altar of Gozag.
    61 | D        | Found a glowing golden altar of the Shining One.
    61 | D        | Found a glowing silver altar of Zin.
    61 | D        | Found a basalt altar of Yredelemnul.
    61 | D        | Found a shimmering altar of Xom.
    61 | D        | Found an ornate altar of the Wu Jian Council.
    61 | D        | Found a sacrificial altar of Ru.
    61 | D        | Found a stormy altar of Qazlal.
    61 | D        | Found an iron altar of Okawaru.
    61 | D        | Found a sparkling altar of Nemelex Xobeh.
    61 | D        | Found a burning altar of Makhleb.
    61 | D        | Found a blossoming altar of Fedhas.
    61 | D        | Found a white marble altar of Elyvilon.
    61 | D        | Found a shadowy altar of Dithmenos.
    61 | D        | Found a snail-covered altar of Cheibriados.
    64 | D        | Found a corrupted altar of Lugonu.
    64 | D        | Found a radiant altar of Vehumet.
    65 | D        | Found an ancient bone altar of Kikubaaqudgha.
    65 | D        | Found a hide-covered altar of Uskayaw.
    65 | D        | Found a broken altar of Ashenzari.
    74 | D        | Became a worshipper of Cheibriados the Contemplative
    88 | D        | Noticed a scorpion
    99 | D        | Killed a scorpion
   100 | D        | Reached skill level 5 in Long Blades
   100 | D        | Reached XP level 2. HP: 23/31 MP: 1/5
   100 | D        | Reached XP level 3. HP: 27/36 MP: 1/6
   100 | D        | Reached XP level 4. HP: 32/43 MP: 1/7
   102 | D        | Reached * piety under Cheibriados
   264 | D        | Reached ** piety under Cheibriados
   375 | D        | Noticed a fire bat
   386 | D        | Killed a fire bat
   386 | D        | Reached *** piety under Cheibriados
   387 | D        | Reached XP level 5. HP: 29/49 MP: 7/11
   390 | D        | Reached **** piety under Cheibriados
   391 | D        | Reached XP level 6. HP: 32/56 MP: 7/12
   559 | D        | Reached skill level 5 in Invocations
   569 | D        | Reached ***** piety under Cheibriados
   572 | D        | Reached skill level 5 in Short Blades
   572 | D        | Reached skill level 5 in Axes
   572 | D        | Reached skill level 5 in Maces & Flails
   572 | D        | Reached skill level 5 in Polearms
   572 | D        | Reached skill level 5 in Staves
   572 | D        | Reached skill level 5 in Ranged Weapons
   572 | D        | Reached skill level 5 in Throwing
   572 | D        | Reached skill level 5 in Dodging
   572 | D        | Reached skill level 5 in Stealth
   572 | D        | Reached skill level 5 in Unarmed Combat
   572 | D        | Reached skill level 5 in Spellcasting
   572 | D        | Reached skill level 5 in Evocations
   580 | D        | Reached XP level 7. HP: 34/63 MP: 14/14
   591 | D        | Killed from afar by an orc priest

Illustrated notes

Levels and vault maps discovered:
D:        pitsprint [storerooms_1, entrance_room_1, metal_vault_4, armoury_1,
          mini_pit_1, grid_room_1, main_hall_1, silver_pit, the_coven_3,
          the_vestibule_1, steel_vault_5, golden_pit, hallway_of_sentries,
          crystal_vault_1, iron_vault_2, final_vault]

Skill      XL: |  1  2  3  4  5  6 |
---------------+-------------------+-----
Fighting       | 7 8 |  8.5
Short Blades   | 2 4 5 |  5.2
Long Blades    | 5 6 7 |  7.0
Axes           | 2 4 5 |  5.2
Maces & Flails | 2 4 5 |  5.2
Polearms       | 2 4 5 |  5.2
Staves         | 2 4 5 |  5.2
Ranged Weapons | 2 4 5 |  5.2
Throwing       | 2 4 5 |  5.2
Armour         | 7 8 |  8.5
Dodging        | 2 4 5 |  5.2
Stealth        | 2 4 5 |  5.2
Shields        | 7 8 |  8.5
Unarmed Combat | 2 4 5 |  5.2
Spellcasting   | 2 4 5 |  5.2
Conjurations   | 2 3 4 |  4.3
Hexes          | 2 3 4 |  4.3
Summonings     | 2 3 4 |  4.3
Necromancy     | 2 3 4 |  4.3
Translocations | 2 3 4 |  4.3
Transmutations | 2 3 4 |  4.3
Fire Magic     | 2 3 4 |  4.3
Ice Magic      | 2 3 4 |  4.3
Air Magic      | 2 3 4 |  4.3
Earth Magic    | 2 3 4 |  4.3
Poison Magic   | 2 3 4 |  4.3
Invocations    | 2 4 5 |  5.7
Evocations     | 2 4 5 |  5.2
Shapeshifting  | 2 3 4 |  4.7

Action                     |  1- 3 |  4- 6 |  7- 9 || total
---------------------------+-------+-------+-------++-------
  Melee: Long sword        |    10 |    45 |    11 ||    66
         Bite              |     1 |     5 |       ||     6
    Use: Potion            |       |     2 |       ||     2
 Armour: Scale mail        |     9 |    26 |       ||    35
         Ring mail         |       |    18 |     7 ||    25
  Dodge: Dodged            |     5 |    32 |     9 ||    46
  Block: Buckler           |     8 |    19 |     5 ||    32

Table legend: (Time is in decaauts)
 A = Elapsed time spent in this place.
 B = Non-inter-level travel time spent in this place.
 C = Inter-level travel time spent in this place.
 D = Time resting spent in this place.
 E = Time spent auto-exploring this place.
 F = Levels seen in this place.
 G = Mean time per level.
                   A        B        C        D        E       F      G
               +--------+--------+--------+--------+--------+-----+--------+
         Total |    665 |    636 |     29 |    340 |      0 |   1 |  665.0 |
       Dungeon |    665 |    636 |     29 |    340 |      0 |   1 |  665.0 |
               +--------+--------+--------+--------+--------+-----+--------+

Top non-repeatable levels by time:
       D: 665 daAuts
